 Dungeon Crawl Stone Soup version 0.31-a0-193-gdfe2569204 (webtiles) character file.

Game seed: 10823638113882249279

81 qw the Shooter (level 4, -7/25 HPs)
             Began as a Deep Elf Hunter on June 24, 2023.
             Killed by nerve-wracking pain
             ... invoked by Jessica
              (9 damage)
             ... on level 3 of the Dungeon.
             The game lasted 00:00:43 (1809 turns).

qw the Shooter (Deep Elf Hunter)                    Turns: 1809, Time: 00:00:43

Health: -7/25      AC:  8    Str: 15    XL:     4   Next: 19%
Magic:  6/6        EV: 12    Int: 14    God:
Gold:   40         SH:  0    Dex: 18    Spells: 3/3 levels left

rFire   . . .        Y - +0 shortbow
rCold   . . .        (shield currently unavailable)
rNeg    . . .        j - +3 leather armour of Midwinter {rPois Regen+ Str+5 Slay-5}
rPois   +            (no helmet)
rElec   .            f - +0 cloak
rCorr   .            b - +0 pair of gloves
SInv    .            (no boots)
Will    .....        (no amulet)
Stlth   ++           (no ring)
HPRegen 1.04/turn    (no ring)
MPRegen 0.10/turn

%: no passive effects
@: no status effects
A: no striking features
a: no special abilities


You were on level 3 of the Dungeon.
You visited 1 branch of the dungeon, and saw 3 of its levels.

You collected 40 gold pieces.


   Skills:
 - Level 1.5 Fighting
 + Level 7.6 Ranged Weapons
 - Level 2.4 Dodging
 - Level 1.2 Stealth


You had 3 spell levels left.
You didn't know any spells.
Your spell library was empty.

Inventory:

Hand Weapons
 Y - a +0 shortbow (weapon)
Armour
 b - a +0 pair of gloves (worn)
 f - a +0 cloak (worn)
 j - the +3 leather armour of Midwinter (worn) {rPois Regen+ Str+5 Slay-5}
   (You found it on level 2 of the Dungeon)

   Str:       It affects your strength (+5).
   Slay:      It affects your accuracy & damage with ranged weapons and melee
   (-5).
   rPois:     It protects you from poison.
   Regen:     It increases your rate of health regeneration.
Scrolls
 e - a scroll of identify
Potions
 a - a potion of might
 g - a potion of curing {unknown}
 h - a potion of haste {unknown}
 i - a potion of ambrosia {unknown}

Dungeon Overview and Level Annotations

Branches:
Dungeon (3/15)

Altars:

Shops:
D:2 [   D:3 (

Annotations:
D:3 exclusion: rat, Jessica


Message History

The adder barely misses you.
You shoot an arrow. The arrow hits the adder!
The adder is severely wounded.
The adder barely misses you.
An orc comes into view. It is wielding a +3 dagger.
You shoot an arrow. The arrow hits the adder!
You kill the adder!
You shoot an arrow. The arrow closely misses Jessica.
Jessica drinks a potion.
Jessica seems to grow stronger.
You shoot an arrow. The arrow hits Jessica.
Jessica is moderately wounded.
You shoot an arrow.
The arrow hits Jessica but does no damage.
Jessica is moderately wounded.
Jessica hits you with a +0 dagger.
You shoot an arrow. The arrow barely misses Jessica.
The orc hits you but does no damage. Jessica hits you but does no damage.
You shoot an arrow.
The arrow hits Jessica but does no damage.
Jessica is moderately wounded.
An adder comes into view.
Jessica hits you with a +0 dagger! The orc hits you with a +0 club.
You shoot an arrow. The adder hisses angrily.
The arrow hits Jessica.
Jessica is severely wounded.
The orc hits you with a +3 dagger. The orc closely misses you.
Jessica mumbles some strange words.
Jessica seems to speed up.
You shoot an arrow. The arrow hits Jessica.
Jessica is severely wounded.
Jessica misses you. The orc misses you. The orc barely misses you.
You shoot an arrow. The arrow barely misses Jessica.
Jessica hits you with a +0 dagger. x2; The orc hits you with a +3 dagger.
The orc barely misses you.
You shoot an arrow. The arrow hits Jessica.
Jessica is almost dead.
Jessica points at you and mumbles some strange words.
Pain shoots through your body!
You die...

##.#.......###.#? #8..
#..#.............#
#... #.....r....#
#.#.# #... ..........
#...####.. .....##.#
#..[.... #S)##.#
#....... ##. #....<#
####.......
.....#.oo#.#
#..........
#...@@.#.###......###%
#$##.....%............
......###.#####....###
....#.# #.# #....#
#......# #.. #....##
.....#### #### #.....#
#.... #.....# #....
##.....## #........


You could see an adder, Jessica (fast, strong), 2 orcs and a rat.

Vanquished Creatures
  4 adders
  A worm (D:3)
  An orc (D:3)
  6 endoplasms
  3 giant cockroaches
  4 goblins
  3 hobgoblins (D:1)
  A quokka (D:2)
  3 ball pythons
  A bat (D:2)
  3 frilled lizards
  5 kobolds
  5 rats
40 creatures vanquished.

Notes
Turn   | Place    | Note
-------+----------+-------------------------------------------
     0 | D:1      | qw the Deep Elf Hunter began the quest for the Orb.
     0 | D:1      | Reached XP level 1. HP: 12/12 MP: 3/3
     0 | D:1      | 0 ||| qw: Version: 0.3-a-9-g12657ce
     0 | D:1      | 0 ||| qw: Game counter: 4689
     0 | D:1      | 0 ||| qw: Always use a shield: true
     0 | D:1      | 0 ||| qw: God list: Okawaru
     0 | D:1      | 0 ||| qw: Allow faded altars: false
     0 | D:1      | 0 ||| qw: Do Orc after D:15 true
     0 | D:1      | 0 ||| qw: Do second Lair branch before Depths: true
     0 | D:1      | 0 ||| qw: Lair rune preference: random
     0 | D:1      | 0 ||| qw: Plans: Normal
     0 | D:1      | 0 ||| PLANNING D:1-11
   110 | D:1      | HP: 3/12 [frozen (3)]
   115 | D:1      | Reached XP level 2. HP: 5/16 MP: 4/4
   130 | D:1      | Reached skill level 6 in Ranged Weapons
   737 | D:1      | 737 ||| UPGRADING to +0 cloak.
   742 | D:1      | 742 ||| READING scroll labelled SEAJETUOWE.
   747 | D:1      | 747 ||| READING 3 scrolls labelled MUCZOE FIORGH.
   748 | D:1      | 748 ||| READING 2 scrolls of identify.
   748 | D:1      | 748 ||| IDENTIFYING sapphire potion
   749 | D:1      | 749 ||| DROPPING scroll of butterflies.
   750 | D:1      | 750 ||| DROPPING potion of berserk rage.
   837 | D:2      | Reached XP level 3. HP: 13/20 MP: 5/5
  1067 | D:2      | Reached skill level 7 in Ranged Weapons
  1082 | D:2      | Found Alaklun's Armour Emporium.
  1085 | D:2      | 1085 ||| SHOPLISTING +0 ring mail (44 gold, have 40).
  1085 | D:2      | 1085 ||| SHOPLISTING +0 scale mail (44 gold, have 40).
  1085 | D:2      | 1085 ||| SHOPLISTING +2 robe of willpower (194 gold, have
                  | 40).
  1085 | D:2      | 1085 ||| SHOPLISTING scarf "Pebrecs" {repulsion, rPois rN+}
                  | (279 gold, have 40).
  1291 | D:2      | Found a faded altar of an unknown god.
  1450 | D:2      | Identified the +3 leather armour of Midwinter {rPois Regen+
                  | Str+5 Slay-5}
  1634 | D:2      | 1634 ||| UPGRADING to +3 leather armour of Midwinter {rPois
                  | Regen+ Str+5 Slay-5}.
  1644 | D:2      | 1644 ||| DROPPING +0 leather armour.
  1645 | D:2      | 1645 ||| READING scroll labelled KEB SEG JAYFO.
  1646 | D:2      | 1646 ||| READING 3 scrolls of identify.
  1646 | D:2      | 1646 ||| IDENTIFYING fizzy golden potion
  1647 | D:2      | 1647 ||| READING 2 scrolls of identify.
  1647 | D:2      | 1647 ||| IDENTIFYING fuming brown potion
  1648 | D:2      | 1648 ||| DROPPING potion of lignification.
  1732 | D:3      | Found Fuschew's Weapon Emporium.
  1741 | D:3      | 1741 ||| UPGRADING to +0 pair of gloves.
  1778 | D:3      | Reached XP level 4. HP: 25/25 MP: 6/6
  1796 | D:3      | Noticed Jessica
  1808 | D:3      | HP: 6/25 [Jessica/+0 dagger (1)]
  1808 | D:3      | HP: 1/25 [orc/+3 dagger (5)]
  1809 | D:3      | Killed from afar by Jessica

Levels and vault maps discovered:
D:1:      amcnicky_arrival_single_pillar, layout_loops_ring
D:2:      layout_basic, hellmonk_ecumenical_altar_zigzags, serial_shops,
          nicolae_shop_real_fake_doors
D:3:      layout_basic, serial_shops, nicolae_shop_statue_plus, uniq_pargi,
          uniq_jessica

Skill      XL: |  1  2  3 |
---------------+----------+-----
Ranged Weapons | 6 7 |  7.6
Fighting       | |  1.5
Dodging        | |  2.4
Stealth        | |  1.2

Action                     |  1- 3 |  4- 6 || total
---------------------------+-------+-------++-------
   Fire: Shortbow          |   151 |    28 ||   179
    Use: Scroll            |     6 |       ||     6
 Armour: Leather armour    |    27 |     6 ||    33
  Dodge: Dodged            |    53 |    12 ||    65

Table legend:
 A = Non-vault XP
 B = Vault XP
 C = Vault XP percentage of total XP
 D = Non-vault monster count
 E = Vault monster count
 F = Vault count percentage of total count
                 A         B        C        D         E       F
            +---------+---------+-------+---------+---------+-------
      Total |     116 |       0 |   0.0 |      40 |       0 |   0.0
            +---------+---------+-------+---------+---------+-------
        D:1 |      25 |       0 |   0.0 |      16 |       0 |   0.0
        D:2 |      59 |       0 |   0.0 |      14 |       0 |   0.0
        D:3 |      32 |       0 |   0.0 |      10 |       0 |   0.0
            +---------+---------+-------+---------+---------+-------
